 Dungeon Crawl Stone Soup version 0.22-a0-284-g99d1f7439c (webtiles) character file.

371 Deemzul the Slasher (level 6, -7/73 HPs)
             Began as a Demonspawn Berserker on Mar 21, 2018.
             Was a Priest of Trog.
             Mangled by an ice beast (14 damage)
             ... on level 5 of the Dungeon.
             The game lasted 00:03:35 (4126 turns).

Deemzul the Slasher (Demonspawn Berserker)          Turns: 4126, Time: 00:03:36

Health: -7/73      AC:  4    Str: 22    XL:     6   Next: 42%
Magic:  6/6        EV: 13    Int:  8    God:    Trog [***...]
Gold:   143        SH:  0    Dex: 15    Spells: 5/5 levels left

rFire    . . .     SeeInvis .   a - +0 falchion
rCold    . . .     Gourm    .   (no shield)
rNeg     . . .     Faith    .   b - +0 animal skin
rPois    .         Spirit   .   (helmet restricted)
rElec    .         Reflect  .   (no cloak)
rCorr    +         Harm     .   (no gloves)
MR       ++...                  v - +0 pair of boots
Stlth    ..........             (no amulet)
HPRegen  1.22/turn              s - ring of loudness
MPRegen  0.10/turn              t - ring of resist corrosion

@: berserking, starving, regenerating, very quick
A: horns 1, rugged brown scales 1, powered by pain 1
a: Berserk, Trog's Hand, Renounce Religion


You were on level 5 of the Dungeon.
You worshipped Trog.
Trog was most pleased with you.
You were starving.

You visited 2 branches of the dungeon, and saw 6 of its levels.

You collected 198 gold pieces.
You spent 55 gold pieces at shops.

Inventory:

Hand Weapons
 a - a +0 falchion (weapon)
Armour
 b - a +0 animal skin (worn)
 v - a +0 pair of boots (worn)
Jewellery
 s - a ring of loudness (left hand)
 t - a ring of resist corrosion (right hand)
Scrolls
 d - a scroll of magic mapping {unknown}
 e - 2 scrolls of teleportation
 f - a scroll of immolation {unknown}
 g - 12 scrolls of identify
 i - 3 scrolls of amnesia {unknown}
 j - a scroll of noise {unknown}
 m - a scroll of blinking {unknown}
 r - 2 scrolls of remove curse
Potions
 h - a potion of degeneration {unknown}
 k - 2 potions of agility {unknown}
 l - 2 potions of magic {unknown}
 n - 2 potions of haste {unknown}
 o - a potion of resistance {unknown}
 p - 2 potions of heal wounds {unknown}
 q - a potion of cancellation {unknown}
 u - a potion of curing {unknown}
Comestibles
 c - 5 rations


   Skills:
 + Level 4.1 Fighting
 * Level 4.6 Long Blades
 + Level 3.2 Armour
 + Level 3.1 Dodging


You had 5 spell levels left.
You didn't know any spells.

Dungeon Overview and Level Annotations

Branches:
Dungeon (5/15)             Temple (1/1) D:4

Altars:
Ashenzari
Cheibriados
Dithmenos
Fedhas
Gozag
Hepliaklqana
Kikubaaqudgha
Makhleb
Nemelex Xobeh
Okawaru
Ru
Sif Muna
Trog
Uskayaw
Wu Jian
Xom
Yredelemnul
Zin

Shops:
D:4 ?


Innate Abilities, Weirdness & Mutations

You have a pair of small horns on your head.
You are partially covered in rugged brown scales. (AC +1, +3% HP)
You sometimes gain a little power by taking damage.


Message History

The hound skeleton bites you.
* * * LOW HITPOINT WARNING * * *
You slash the centaur!
You kill the centaur!
Trog accepts your kill.
The hound skeleton bites you but does no damage.
You hit the hound skeleton. You headbutt the hound skeleton.
The hound skeleton is severely damaged.
The hound skeleton bites you but does no damage.
You hit the hound skeleton.
You feel the power of Trog in you as your rage grows.
You destroy the hound skeleton!
Trog accepts your kill.
You barely miss the ice beast. You hit the ice beast.
You headbutt the ice beast!
The ice beast is heavily wounded.
The ice beast hits you.
* * * LOW HITPOINT WARNING * * *
The ice beast freezes you!
You die...

############### ..............#
######### ........(.....#
#........ .......(......#
#........ ........(.(...#
+........ ..............#
#........ #...........(.#####
##..#####
#.......####.)....#..###..#####
#....Y..# #.Y@...#.(..........
#.......# #......#............
#.......# #......#............
....... ##.....#######+####.
.... +................#.
#................#.
#................'.
#................#.
#................#.


You could see an ice beast.

Vanquished Creatures
  A centaur (D:5)
  A crimson imp (D:5)
  A hound (D:4)
  A hound skeleton (D:5)
  7 gnolls
  4 adders
  A shadow imp (D:2)
  2 oozes
  An adder skeleton (D:4)
  2 worms
  2 dart slugs (D:1)
  3 leopard geckos
  A ball python (D:2)
  6 giant cockroaches
  2 gnoll zombies (D:2)
  11 goblins
  7 hobgoblins
  4 jackals (D:4)
  8 kobolds
  3 quokkas
  8 bats
  5 frilled lizards
  A jackal zombie (D:5)
  4 rats
86 creatures vanquished.

Notes
Turn   | Place    | Note
-------+----------+-------------------------------------------
     0 | D:1      | Deemzul the Demonspawn Berserker began the quest for the Orb.
     0 | D:1      | Reached XP level 1. HP: 18/18 MP: 1/1
    96 | D:1      | Gained mutation: You are partially covered in rugged brown scales. (AC +1, +3% HP) [demonic ancestry]
    96 | D:1      | Reached XP level 2. HP: 10/24 MP: 2/2
   658 | D:1      | Gained mutation: You have a pair of small horns on your head. [demonic ancestry]
   658 | D:1      | Reached XP level 3. HP: 17/29 MP: 3/3
   936 | D:1      | Reached ** piety under Trog
  1357 | D:2      | Gained mutation: You sometimes gain a little power by taking damage. [demonic ancestry]
  1357 | D:2      | Reached XP level 4. HP: 32/36 MP: 4/4
  1522 | D:2      | Found a basalt altar of Yredelemnul.
  2472 | D:3      | Reached XP level 5. HP: 38/43 MP: 5/5
  2544 | D:3      | Reached *** piety under Trog
  2678 | D:3      | Found a glowing silver altar of Zin.
  2995 | D:4      | Found Okovoal's Magic Scroll Boutique.
  3004 | D:4      | Bought a scroll of identify for 22 gold pieces
  3004 | D:4      | Bought a scroll of teleportation for 33 gold pieces
  3254 | D:4      | Found a staircase to the Ecumenical Temple.
  3310 | Temple   | Entered the Ecumenical Temple
  3583 | D:4      | Found an iron altar of Okawaru.
  3986 | D:5      | Entered Level 5 of the Dungeon
  4012 | D:5      | Found a hide-covered altar of Uskayaw.
  4101 | D:5      | Reached XP level 6. HP: 49/49 MP: 6/6
  4108 | D:5      | Noticed an ice beast
  4126 | D:5      | Mangled by an ice beast

Vault maps used:
D:1:      minmay_arrival_diagonal_passages
D:2:      lemuel_zombie_altar_yredelemnul
D:3:      marbit_many_paths, first_ration
D:4:      temple_green, serial_shops, nicolae_shop_crystal, okawaru_trees_1
D:5:      basic_altar
Temple:   eino_temple_scatter_basement

Skill      XL: |  1  2  3  4  5 |
---------------+----------------+-----
Long Blades    | 3 4 |  4.6
Armour         | 2 3 |  3.2
Dodging        | 2 3 |  3.1
Fighting       | 4 |  4.1

Action                   |  1- 3 |  4- 6 || total
-------------------------+-------+-------++-------
Melee: Falchion          |   102 |   149 ||   251
       Headbutt          |     6 |    34 ||    40
Invok: Berserk           |     2 |     4 ||     6
       Trog's Hand       |       |     1 ||     1
  Use: Scroll            |       |     1 ||     1
 Stab: Sleeping          |     1 |     1 ||     2
  Eat: Chunk             |     2 |    12 ||    14
Armor: Animal skin       |    29 |    36 ||    65
Dodge: Dodged            |    72 |    85 ||   157
       Rpst.: Falchion   |    26 |    29 ||    55

Table legend:
 A = Spawn XP
 B = Non-spawn XP
 C = Spawn XP percentage of total XP
 D = Spawn monster count
 E = Non-spawn monster count
 F = Spawn count percentage of total count
 G = Total turns spent on level
                    A         B        C        D         E        F      G
               +---------+---------+-------+---------+---------+-------+---------
         Total |       0 |     530 |   0.0 |       0 |      86 |   0.0 |  4126
               +---------+---------+-------+---------+---------+-------+---------
           D:1 |       0 |      49 |   0.0 |       0 |      24 |   0.0 |  1190
           D:2 |       0 |      92 |   0.0 |       0 |      27 |   0.0 |  1008
           D:3 |       0 |      86 |   0.0 |       0 |      17 |   0.0 |   770
           D:4 |       0 |     118 |   0.0 |       0 |      13 |   0.0 |   859
           D:5 |       0 |     185 |   0.0 |       0 |       5 |   0.0 |   140
               +---------+---------+-------+---------+---------+-------+---------
